 Dungeon Crawl Stone Soup version 0.21.1-1-g345015f (webtiles) character file.

32 Chrome the Grave Robber (level 3, -2/25 HPs)
             Began as a Gnoll Necromancer on Apr 30, 2018.
             Slain by a leopard gecko (4 damage)
             ... on level 2 of the Dungeon.
             The game lasted 00:03:36 (1641 turns).

Chrome the Grave Robber (Gnoll Necromancer)         Turns: 1641, Time: 00:03:36

Health: -2/25      AC:  2    Str: 11    XL:     3   Next: 27%
Magic:  9/9        EV: 14    Int: 17    God:
Gold:   47         SH:  0    Dex: 15    Spells: 11/12 levels left

rFire    . . .     SeeInvis .   i - -3 short sword (curse)
rCold    . . .     Gourm    .   (no shield)
rNeg     . . .     Faith    .   a - +0 robe
rPois    .         Spirit   .   (no helmet)
rElec    .         Reflect  .   (no cloak)
rCorr    .         Harm     .   (no gloves)
MR       .....                  (no boots)
Stlth    +++.......             (no amulet)
HPRegen  0.08/turn              (no ring)
MPRegen  0.11/turn              (no ring)

@: no status effects
A: distributed training, fangs 1, strong nose
a: no special abilities


You were on level 2 of the Dungeon.
You were not hungry.

You visited 1 branch of the dungeon, and saw 3 of its levels.

You collected 47 gold pieces.

Inventory:

Hand Weapons
 e - a +0 whip
 h - a +0 spear
 i - a cursed -3 short sword (weapon)
 o - a +3 quarterstaff
Armour
 a - a +0 robe (worn)
 d - a cursed +0 pair of gloves
Scrolls
 f - 2 scrolls of noise {unknown}
 g - a scroll of remove curse {unknown}
 k - 3 scrolls of identify {unknown}
 m - a scroll of teleportation {unknown}
 n - a scroll of magic mapping {unknown}
Potions
 j - a potion of curing {unknown}
 l - a potion of cancellation {unknown}
Books
 b - a book of Necromancy

   Spells                             Type                      Level
   a - Pain                           Necromancy                   1
   b - Animate Skeleton               Necromancy                   1
   c - Vampiric Draining              Necromancy                   3
   d - Regeneration                   Charms/Necromancy            3
   e - Animate Dead                   Necromancy                   4
   f - Borgnjor's Vile Clutch         Necromancy/Earth             5
Comestibles
 c - a ration


   Skills:
 + Level 0.6 Fighting
 + Level 0.6 Short Blades
 + Level 0.6 Long Blades
 + Level 0.6 Axes
 + Level 0.6 Maces & Flails
 + Level 0.6 Polearms
 + Level 0.6 Staves
 + Level 0.6 Slings
 + Level 0.6 Bows
 + Level 0.6 Crossbows
 + Level 0.6 Throwing
 + Level 0.6 Armour
 + Level 4.5 Dodging
 + Level 4.1 Stealth
 + Level 0.6 Shields
 + Level 0.6 Unarmed Combat
 + Level 5.0 Spellcasting
 + Level 0.4 Conjurations
 + Level 0.4 Hexes
 + Level 0.4 Charms
 + Level 0.4 Summonings
 + Level 7.1 Necromancy
 + Level 0.4 Translocations
 + Level 0.4 Transmutations
 + Level 0.4 Fire Magic
 + Level 0.4 Ice Magic
 + Level 0.4 Air Magic
 + Level 0.4 Earth Magic
 + Level 0.4 Poison Magic
 + Level 0.8 Invocations
 + Level 0.6 Evocations


You had 11 spell levels left.
You knew the following spells:

 Your Spells              Type           Power        Failure   Level  Hunger
a - Pain                  Necr           ####         1%          1    None


Dungeon Overview and Level Annotations

Branches:
Dungeon (3/15)

Altars:
Elyvilon


Innate Abilities, Weirdness & Mutations

Your experience applies equally to all skills.
You have very sharp teeth.
Your uncanny sense of smell can sniff out nearby items.


Message History

The goblin is severely wounded.
The leopard gecko closely misses you. The goblin hits you.
* * * LOW HITPOINT WARNING * * *
You hit the goblin but do no damage.
The goblin is heavily wounded.
The leopard gecko misses you. The goblin barely misses you.
The leopard gecko bites you.
* * * LOW HITPOINT WARNING * * *
You hit the goblin.
You kill the goblin!
The leopard gecko misses you. The leopard gecko bites you.
* * * LOW HITPOINT WARNING * * *
You see here a goblin corpse.
The leopard gecko barely misses you.
Found a leather armour.
The leopard gecko barely misses you.
Found a spear.
The leopard gecko bites you.
You die...

## ######.†#
#..# #!.#
#..###
######....#
..)..[..#.#####
..............#
#.###..l#####.#
∆ # #≈≈[.@≈≈#
..#≈..♣..≈###
#...........#
#...♣._.♣...#
...........##
######≈..♣..≈##
#.. #≈≈...≈≈#
#.# ###...##
#.# #†....#


You could see a leopard gecko.

Vanquished Creatures
  An ooze (D:2)
  2 dart slugs
  2 giant cockroaches (D:2)
  4 goblins
  2 hobgoblins (D:1)
  3 jackals (D:1)
  5 kobolds
  A bat (D:1)
  A frilled lizard (D:1)
  6 rats
27 creatures vanquished.

Vanquished Creatures (others)
  A quokka (D:2)
1 creature vanquished.

Grand Total: 28 creatures vanquished

Notes
Turn   | Place    | Note
-------+----------+-------------------------------------------
     0 | D:1      | Chrome the Gnoll Necromancer began the quest for the Orb.
     0 | D:1      | Reached XP level 1. HP: 13/13 MP: 6/6
   404 | D:1      | Reached XP level 2. HP: 19/19 MP: 7/7
   983 | D:2      | Found a white marble altar of Elyvilon.
   987 | D:2      | Reached XP level 3. HP: 10/25 MP: 6/9
   990 | D:2      | Reached skill level 5 in Spellcasting
  1015 | D:2      | You fall through a shaft!
  1641 | D:2      | Slain by a leopard gecko

Skill      XL: |  1  2  3 |
---------------+----------+-----
Spellcasting   | 5 |  5.0
Fighting       | |  0.6
Short Blades   | |  0.6
Long Blades    | |  0.6
Axes           | |  0.6
Maces & Flails | |  0.6
Polearms       | |  0.6
Staves         | |  0.6
Slings         | |  0.6
Bows           | |  0.6
Crossbows      | |  0.6
Throwing       | |  0.6
Armour         | |  0.6
Dodging        | |  4.5
Stealth        | |  4.1
Shields        | |  0.6
Unarmed Combat | |  0.6
Conjurations   | |  0.4
Hexes          | |  0.4
Charms         | |  0.4
Summonings     | |  0.4
Necromancy     | |  7.1
Translocations | |  0.4
Transmutations | |  0.4
Fire Magic     | |  0.4
Ice Magic      | |  0.4
Air Magic      | |  0.4
Earth Magic    | |  0.4
Poison Magic   | |  0.4
Invocations    | |  0.8
Evocations     | |  0.6

Action                   || total
-------------------------++-------
Melee: Whip              ||     8
       Spear             ||     2
       Short sword       ||    49
       Bite              ||     3
 Cast: Pain              ||    20
 Stab: Sleeping          ||     8
  Eat: Ration            ||     1
Armor: Robe              ||     9
Dodge: Dodged            ||    65
